 Dungeon Crawl Stone Soup version 0.19.5 (webtiles) character file.

7779 Lizzreth the Carver (level 11, -9/165 HPs)
             Began as a Minotaur Fighter on Mar 16, 2017.
             Was a Believer of Makhleb.
             Mangled by Nessos (12 damage)
             ... on level 12 of the Dungeon.
             The game lasted 00:44:32 (8385 turns).

Lizzreth the Carver (Minotaur Fighter)              Turns: 8385, Time: 00:44:33

Health: -9/165     AC: 29    Str: 20    XL:     11   Next: 1%
Magic:  10/10      EV:  2    Int:  5    God:    Makhleb [**....]
Gold:   400        SH:  8    Dex: 14    Spells: 0 memorised, 10 levels left

rFire  . . .     SeeInvis .     F - +1 long sword (flame)
rCold  + + .     Gourm    .     (armour currently unavailable)
rNeg   + + +     Faith    .     e - +0 buckler
rPois  +         Spirit   .     (helmet currently unavailable)
rElec  +         Reflect  +     (cloak currently unavailable)
rCorr  +         Harm     .     (gloves currently unavailable)
MR     .....     NoTele   +     (boots currently unavailable)
Stlth  +.........               N - +3 amulet of reflection
                                B - ring of ice
                                r - +4 ring of protection

@: tree-form (expiring), resistant
A: (retaliatory headbutt), (horns 0), robust 1, no device heal 1
a: Minor Destruction, Renounce Religion


You were on level 12 of the Dungeon.
You worshipped Makhleb.
Makhleb was pleased with you.
You were not hungry.
You were a tree.
You visited 2 branches of the dungeon, and saw 12 of its levels.

You collected 599 gold pieces.
You spent 199 gold pieces at shops.

Inventory:

Hand Weapons
 a - a +0 long sword
 F - a +1 long sword of flaming (weapon)
 M - a +0 great sword
Armour
 b - a +0 scale mail
 c - a +0 shield
 e - a +0 buckler (worn)
 q - a +1 cloak (melded)
 t - a +2 scale mail of cold resistance (melded)
 w - a +0 pair of gloves (melded)
Jewellery
 j - a +4 ring of protection
 r - a +4 ring of protection (left branch)
 s - an uncursed amulet of magic regeneration
 v - an uncursed ring of wizardry
 B - a ring of ice (right branch)
 K - an uncursed ring of poison resistance {unknown}
 N - a +3 amulet of reflection (around neck)
Wands
 x - a wand of flame (18/48)
 P - a wand of slowing (26/48)
Scrolls
 g - 2 scrolls of random uselessness
 h - a scroll of fog
 k - 5 scrolls of identify
 m - 10 scrolls of remove curse
 u - 5 scrolls of teleportation
 y - 4 scrolls of magic mapping
 G - 4 scrolls of amnesia {unknown}
 H - a scroll of noise {unknown}
 J - a scroll of recharging
 L - a scroll of fear {unknown}
 Q - a scroll of enchant weapon {unknown}
Potions
 d - 2 potions of might
 i - a potion of flight
 E - a potion of brilliance
 O - a potion of haste
Books
 S - a book of Cantrips

   Spells                             Type                      Level
   a - Confusing Touch                Hexes                        1
   b - Animate Skeleton               Necromancy                   1
   c - Summon Small Mammal            Summoning                    1
   d - Apportation                    Translocation                1
Comestibles
 f - 8 bread rations
 l - 5 meat rations
 n - 3 slices of pizza
 p - 3 royal jellies
 C - 4 fruits
 I - 6 beef jerkies


   Skills:
 - Level 10.3 Fighting
 - Level 14.1 Long Blades
 + Level 10.8 Armour
 - Level 4.0 Shields


You had 10 spell levels left.
You didn't know any spells.

Dungeon Overview and Level Annotations

Branches:
Dungeon (12/15)            Temple (1/1) D:7            Lair (0/6) D:11
    Orc (0/2) D:12

Altars:
Ashenzari
Dithmenos
Gozag
Makhleb
Okawaru
Trog
Uskayaw
Vehumet
Yredelemnul

Shops:
D:7 (

Portals:
Trove: D:10 (give +2 shadow dragon scales)
Ice
Cave: D:12

Annotations:
D:12 Nessos; sankara's ghost, journeyman MiGl


Innate Abilities, Weirdness & Mutations

((You reflexively headbutt those who attack you in melee.))
((You have a pair of horns on your head.))
You are robust. (+10% HP)
Potions and wands are less effective at restoring your health.


Message History

* * * LOW HITPOINT WARNING * * *
You block the ice beast's attack. x2; The ice beast hits you.
* * * LOW HITPOINT WARNING * * *
The ice beast freezes you. You resist.
* * * LOW HITPOINT WARNING * * *
You feel protected.
The ice beast hits you but does no damage.
You block the ice beast's attack.
The ice beast hits you but does no damage. x2
As you read the scroll labeled XOROOJ VOMARICW, it crumbles to dust.
The scroll dissolves into smoke.
It was a scroll of fog.
Nessos hits you but does no damage.
The ice beast hits you but does no damage.
You block the ice beast's attack.
The ice beast hits you but does no damage. x2
Your magical contamination has completely faded away.
As you read the scroll labeled QULIKK IROFUIT, it crumbles to dust.
You feel aware of your surroundings.
You sensed 1 altar.
It was a scroll of magic mapping.
Nessos hits you!
You die...

,,,,,,,,,,,,*******,,**********,,
,,,,,,,,,..,* *..# *,,
,,,,,,,,,.).* *..# *,,
,,,,,,,,,...#######..###*******,,
,,,,,,,,,,,.............,,,,,,,,,
,,,,,,,,,,,,............,,,,,,,,,
*************#..........,,,,,,,,,
#§§§c§.....,,,,,,,,*
*************#§§♣Y§...).,,,,,,,,,
,,,,,,,,,......YYY§.....,,,,,,,,,
*******,,.......W.§....#*******,,
* *,,.#####........#*******,,
*******,,,****#..∩......,,,,,,,,,
,,,,,,,,,,,,,,..........,,,,,,,,,
**************#.........,,,,,,,,,
##..######******,,,
****************,,************,,,


You could see Nessos, 4 ice beasts and sankara's ghost.

Vanquished Creatures
  Harold (D:10)
  The ghost of Felix the Destroyer, a novice TeCj of the Shining One (D:6)
  A freezing wraith (D:11)
  4 trolls
  Grinder (D:3)
  2 hippogriffs
  A shadow (D:11)
  A wraith (D:10)
  2 hungry ghosts
  A water moccasin (D:11)
  An orc warrior (D:11)
  2 sky beasts
  4 ice beasts (D:12)
  A black bear (D:4)
  3 phantoms
  2 ogres
  A centaur (D:10)
  2 big kobolds
  4 bullfrogs
  A wyvern zombie (D:10)
  6 scorpions
  10 killer bees
  11 wights
  3 centaur zombies
  2 crimson imps
  2 hounds
  A bullfrog skeleton (D:6)
  3 jellies
  Crazy Yiuf (D:2)
  3 orc priests
  7 orc wizards
  Ijyb (D:3)
  Jessica (D:2)
  Terence (D:2)
  4 iguanas
  Natasha (thrice) (D:3 D:6)
  4 worker ants
  A hound skeleton (D:8)
  A worker ant zombie (D:10)
  A gnoll (D:1)
  A howler monkey skeleton (D:8)
  9 adders
  An ooze (D:6)
  3 adder skeletons
  An adder zombie (D:6)
  6 worms
  2 dart slugs
  4 leopard geckos
  23 orcs
  2 giant cockroaches
  9 goblins
  7 hobgoblins
  9 jackals
  20 kobolds
  2 quokkas
  3 ball pythons
  12 bats
  11 frilled lizards
  A quokka skeleton (D:5)
  11 rats
  A fungus (D:2)
240 creatures vanquished.

Notes
Turn   | Place    | Note
-------+----------+-------------------------------------------
     0 | D:1      | Lizzreth the Minotaur Fighter began the quest for the Orb.
     0 | D:1      | Reached XP level 1. HP: 19/19 MP: 0/0
    57 | D:1      | Reached skill level 3 in Long Blades
    93 | D:1      | Reached XP level 2. HP: 25/26 MP: 1/1
   186 | D:1      | Reached skill level 4 in Long Blades
   202 | D:1      | Reached XP level 3. HP: 13/31 MP: 2/2
   928 | D:2      | Reached skill level 5 in Long Blades
   955 | D:2      | Reached XP level 4. HP: 33/40 MP: 3/3
  1276 | D:2      | Noticed Terence
  1284 | D:2      | Killed Terence
  1364 | D:2      | Found an opulent altar of Gozag.
  1474 | D:2      | Noticed Jessica
  1477 | D:2      | Killed Jessica
  1477 | D:2      | Reached skill level 5 in Fighting
  1480 | D:2      | Reached XP level 5. HP: 36/48 MP: 4/4
  2119 | D:2      | Found a runed door.
  2123 | D:2      | Noticed Crazy Yiuf
  2127 | D:2      | Killed Crazy Yiuf
  2180 | D:3      | Noticed Natasha
  2190 | D:3      | Killed Natasha
  2193 | D:3      | Found a hide-covered altar of Uskayaw.
  2256 | D:3      | Noticed Natasha
  2259 | D:3      | Killed Natasha
  2309 | D:3      | Noticed Grinder
  2316 | D:3      | Noticed Ijyb
  2328 | D:3      | Paralysed by Grinder for 3 turns
  2332 | D:3      | Killed Grinder
  2332 | D:3      | Reached XP level 6. HP: 30/61 MP: 5/5
  2334 | D:3      | Killed Ijyb
  2927 | D:4      | Reached XP level 7. HP: 69/69 MP: 6/6
  3821 | D:5      | Entered Level 5 of the Dungeon
  4098 | D:5      | Reached skill level 10 in Fighting
  4213 | D:5      | Reached XP level 8. HP: 79/79 MP: 7/7
  4995 | D:6      | Reached skill level 6 in Long Blades
  5135 | D:6      | Noticed Natasha
  5143 | D:6      | Killed Natasha
  5143 | D:6      | Reached skill level 7 in Long Blades
  5207 | D:6      | Noticed Felix's ghost (novice TeCj)
  5218 | D:6      | Killed Felix's ghost
  5218 | D:6      | Reached skill level 8 in Long Blades
  5597 | D:6      | Reached skill level 9 in Long Blades
  5695 | D:6      | Found a basalt altar of Yredelemnul.
  5699 | D:6      | Found a radiant altar of Vehumet.
  5704 | D:6      | Found a shattered altar of Ashenzari.
  5790 | D:7      | Found Itoonak's Weapon Shoppe.
  5868 | D:7      | Found a staircase to the Ecumenical Temple.
  5875 | Temple   | Entered the Ecumenical Temple
  5884 | Temple   | Became a worshipper of Makhleb the Destroyer
  5920 | D:7      | Bought a +1 long sword of flaming for 199 gold pieces
  5944 | D:7      | Reached skill level 10 in Long Blades
  5948 | D:7      | Reached XP level 9. HP: 85/85 MP: 8/8
  6302 | D:7      | Reached skill level 11 in Long Blades
  6419 | D:8      | Gained mutation: Your flesh is cold resistant. (rC+) [mutagenic meat]
  6420 | D:8      | Gained mutation: Potions and wands are less effective at restoring your health. [mutagenic meat]
  6421 | D:8      | Gained mutation: You are robust. (+10% HP) [mutagenic meat]
  6422 | D:8      | Lost mutation: Your flesh is cold resistant. (rC+) [mutagenic meat]
  6423 | D:8      | Lost mutation: Potions and wands are less effective at restoring your health. [mutagenic meat]
  6424 | D:8      | Gained mutation: Potions and wands are less effective at restoring your health. [mutagenic meat]
  6450 | D:8      | Noticed a troll
  6465 | D:8      | Reached skill level 12 in Long Blades
  6470 | D:8      | Killed a troll
  6496 | D:8      | Reached * piety under Makhleb
  6690 | D:8      | Reached skill level 13 in Long Blades
  7035 | D:8      | You fall through a shaft for 2 floors!
  7035 | D:10     | Entered Level 10 of the Dungeon
  7057 | D:10     | Noticed a troll
  7059 | D:10     | Reached XP level 10. HP: 98/102 MP: 9/9
  7089 | D:10     | Reached skill level 14 in Long Blades
  7266 | D:10     | Reached skill level 5 in Armour
  7483 | D:10     | Noticed Harold
  7495 | D:10     | Killed Harold
  7502 | D:10     | Found a portal to a secret trove of treasure.
  7758 | D:10     | Reached ** piety under Makhleb
  8120 | D:11     | Reached skill level 10 in Armour
  8207 | D:11     | Found a staircase to the Lair.
  8308 | D:11     | Noticed a skeletal warrior
  8308 | D:11     | Noticed a skeletal warrior
  8309 | D:11     | Noticed a death knight
  8350 | D:12     | Found a frozen archway.
  8361 | D:12     | Noticed sankara's ghost (journeyman MiGl)
  8367 | D:12     | Reached XP level 11. HP: 30/110 MP: 10/10
  8377 | D:12     | Noticed Nessos
  8382 | D:12     | HP: 7/165 [ice beast (5)]
  8382 | D:12     | HP: 2/165 [ice beast (4)]
  8385 | D:12     | Mangled by Nessos

Skill      XL: |  1  2  3  4  5  6  7  8  9 10 |
---------------+-------------------------------+-----
Long Blades    | 3 4 5 10 13 14 | 14.1
Fighting       | 5 8 10 | 10.3
Shields        | 4 |  4.0
Armour         | 10 | 10.8

Action                   |  1- 3 |  4- 6 |  7- 9 | 10-12 || total
-------------------------+-------+-------+-------+-------++-------
Melee: Long sword        |    80 |   123 |   383 |   187 ||   773
       Headbutt          |    17 |    25 |    88 |    39 ||   169
  Use: Potion            |       |     7 |     3 |     5 ||    15
       Scroll            |       |     3 |     5 |     3 ||    11
  Eat: Bread ration      |       |     1 |     3 |     1 ||     5
       Chunk             |       |     2 |    12 |       ||    14
Armor: Scale mail        |    44 |    41 |   204 |    76 ||   365
       Skin              |       |       |       |    64 ||    64
Dodge: Dodged            |    34 |    36 |   139 |    59 ||   268
Block: Shield            |    45 |    59 |       |       ||   104
       Buckler           |       |       |    93 |    71 ||   164
       Reflection        |       |       |       |     2 ||     2
       Rpst.: Long sword |     8 |     9 |    39 |    14 ||    70
